← All builds
Air / Cortex / Economy first / OBSERVED BUILD

Standard air

Cortex Air build order · Supreme Isthmus

Economy-first air build: Aircraft Plant then Advanced Metal Extractor and Fusion Reactor, making transports and scouts for allies while transitioning into fighters and occasional bombers over the whole game.

Usually transports first (78%)

#eco #air #team support · 1496 distinct matches · 252 players · 80% of Cortex Air games · team won 46% of 1799 · Recently observed

HOW TO PLAY IT

Key timing: Aircraft Plant by 1:24

  1. Open 3 mex and wind, then drop Aircraft Plant early.
  2. Finish Aircraft Plant and start fighters for scouting and defense.
  3. Eat the Aircraft Plant once production needs outgrow it.
  4. Get Advanced Metal Extractor up to scale eco.
  5. Bring Fusion Reactor online and keep feeding transports, scouts, fighters to allies.

Phase by phase

TYPICAL OF ITS 1496 GAMES
  1. 1
  2. 2
  3. 3
PLAY THE OPENING

Follow the example game's first 6:00 step by step: what to build now, what comes next, and where it goes. At 1× it keeps pace with your own game.

  1. 1

    Up to the Aircraft Plant

    Economy
    • Metal Extractor3Mex
    • Wind Turbine4Wind
    Order
    1. Aircraft PlantAircraft Plant after 3 mex, 4 winddone ~1:26, middle half 1:14–1:35

    Some games also: energy storage (38%)

    By 1:07 in all: 3 mex · 4 wind

    The example game in this phase · 3 steps
    1. Mex ×3
    2. Wind ×2
    3. Aircraft PlantAircraft Plantdone 1:13 · typical 1:26
  2. 2

    Aircraft Plant to 5:00

    Economy
    • Metal Extractor1Mex
    • Wind Turbine9Wind
    • Wind Turbine3Wind
    Builders
    • Construction Turret2 Con turret
    • Construction Aircraft1 Con aircraft
    Army
    • Valiant5 Valiant
    • Hercules2 Light transport for allies
    • Finch2 Finch for allies
    • Finch1 Finch
    • Hephaestus1 Heavy transport for allies

    Some games also: shuriken (49%) · energy storage (45%) · converter (44%) · light transport (40%)

    By 5:00 in all: 3 mex · 1 mex · 13 wind · 3 wind · 1 energy storage · 2 con turret

    The example game in this phase · 23 steps
    1. Wind ×2
    2. FinchFinchfor Geo sea
    3. Wind ×7
    4. FinchFinchfor Beach sea
    5. Wind ×2
    6. HephaestusHeavy transportfor Beach sea
    7. Energy storage
    8. Construction AircraftCon aircraft
    9. Con turret
    10. ValiantValiant
    11. Mex
    12. Wind
    13. ValiantValiant ×3
    14. Wind ×2
    15. ValiantValiant
    16. Wind
    17. Con turret
    18. Wind ×6
    19. HerculesLight transportfor Tech
    20. Wind
    21. Aircraft PlantEat Aircraft Plantreclaimed for its metal
    22. Con turret
    23. Wind
  3. 3

    5:00 to 10:00

    Economy
    • Wind Turbine21Wind
    • Wind Turbine5Wind
    • Energy Converter6Converter
    Order
    1. Aircraft PlantEat Aircraft Plant
    2. Aircraft PlantAircraft Plant after 19 wind, 18 wind, 7 converterin 58% of games
    Builders
    • Construction Turret3 Con turret
    Army
    • Valiant9 Valiant

    Some games also: shuriken (48%) · fusion (38%) · con aircraft (35%) · light transport (31%)

    By 10:00 in all: 3 mex · 1 mex · 25 wind · 20 wind · 8 converter · 1 energy storage

    The example game in this phase · 215 steps
    1. Wind ×3
    2. Aircraft PlantAircraft Plantdone 5:17
    3. Wind ×2
    4. Converter
    5. Wind
    6. ValiantValiant
    7. Wind
    8. Wind
    9. Converter
    10. Wind
    11. ValiantValiant
    12. Wind
    13. Wind
    14. Converter
    15. Wind
    16. Converter
    17. Aircraft PlantEat Aircraft Plantreclaimed for its metal
    18. Wind
    19. Wind
    20. Converter
    21. Wind
    22. Wind
    23. Wind
    24. Wind
    25. Converter
    26. Wind
    27. Wind
    28. Wind
    29. Wind
    30. Converter
    31. Wind
    32. Wind ×2
    33. Wind
    34. Converter
    35. Wind
    36. Wind
    37. Wind ×3
    38. Converter
    39. Wind
    40. Advanced Metal ExtractorT2 mexdone 7:02 · typical 6:54
    41. Wind
    42. Advanced Metal ExtractorT2 mex ×3
    43. Con turret
    44. Aircraft PlantAircraft Plantdone 8:16
    45. ValiantValiant ×3
    46. Con turret
    47. ValiantValiant
    48. Con turret
    49. ValiantValiant
    50. Con turret
    51. Wind
    52. FinchFinch ×3
    53. ValiantValiant ×5
    54. Wind
    55. ValiantValiant ×2
    56. Bot LabBot Labdone 9:17
    57. ValiantValiant
    58. ThistleThistle
    59. ValiantValiant
    60. Construction BotCon bot
    61. ThistleThistle
    62. ValiantValiant
    63. Construction BotCon bot
    64. ValiantValiant
    65. Wind
    66. ValiantValiant
    67. Construction BotCon bot
    68. ValiantValiant
    69. ThistleThistle
    70. ValiantValiant ×3
    71. Construction BotCon bot
    72. ValiantValiant
    73. ThistleThistle
    74. ValiantValiant
    75. Construction BotCon bot
    76. Wind ×2
    77. ValiantValiant
    78. Wind
    79. ThistleThistle
    80. ValiantValiant ×2
    81. Construction BotCon bot
    82. ValiantValiant
    83. Wind
    84. ValiantValiant
    85. Construction BotCon bot
    86. ValiantValiant
    87. Wind ×2
    88. Construction BotCon bot
    89. ValiantValiant
    90. Wind
    91. ValiantValiant
    92. Construction BotCon bot
    93. Wind
    94. ValiantValiant
    95. Wind
    96. ValiantValiant
    97. Wind
    98. ValiantValiant
    99. Wind
    100. ValiantValiant ×2
    101. Construction BotCon bot
    102. Wind ×4
    103. ValiantValiant
    104. Wind
    105. Construction BotCon bot
    106. Wind
    107. ValiantValiant
    108. Wind ×2
    109. ValiantValiant
    110. Wind
    111. ValiantValiant
    112. Wind ×5
    113. WhirlwindWhirlwind
    114. Wind
    115. Construction BotCon bot
    116. Wind ×5
    117. WhirlwindWhirlwind
    118. Wind ×5
    119. ShurikenShuriken
    120. Wind ×2
    121. ShurikenShuriken
    122. Wind ×2
    123. Construction BotCon bot
    124. ShurikenShuriken
    125. Wind
    126. ShurikenShuriken
    127. Wind
    128. ShurikenShuriken
    129. Wind
    130. ShurikenShuriken
    131. Wind ×5
    132. ValiantValiant
    133. Wind
    134. WhirlwindWhirlwind
    135. Wind ×3
    136. WhirlwindWhirlwind
    137. Wind ×4
    138. WhirlwindWhirlwind
    139. Wind ×3
    140. Bot LabEat Bot Labreclaimed for its metal
    141. WhirlwindWhirlwind
    142. Wind ×5
    143. WhirlwindWhirlwind
    144. Wind ×2
    145. WhirlwindWhirlwind
    146. Wind ×3
    147. WhirlwindWhirlwind
    148. Wind
    149. WhirlwindWhirlwind
    150. Wind ×3
    151. WhirlwindWhirlwind
    152. Wind ×7
    153. WhirlwindWhirlwind
    154. Wind ×2
    155. T2 converter
    156. Wind ×10
    157. WhirlwindWhirlwind
    158. Wind ×3
    159. T2 converter
    160. Wind ×11
    161. T2 converter
    162. Wind ×8
    163. WhirlwindWhirlwind
    164. Wind ×8
    165. Con turret
    166. Wind ×6
    167. T2 converter
    168. WhirlwindWhirlwind
    169. Wind ×3
    170. Con turret
    171. Wind ×4
    172. WhirlwindWhirlwind
    173. Wind
    174. Con turret
    175. Wind ×4
    176. Con turret ×2
    177. WhirlwindWhirlwind
    178. Wind ×4
    179. ValiantValiant ×2
    180. Wind ×3
    181. ValiantValiant
    182. Wind ×2
    183. ValiantValiant
    184. Wind ×3
    185. ValiantValiant
    186. Wind ×2
    187. ValiantValiant ×2
    188. Wind ×2
    189. ValiantValiant
    190. Wind ×2
    191. ValiantValiant ×2
    192. Wind ×2
    193. ValiantValiant
    194. Wind ×2
    195. ValiantValiant
    196. Wind ×3
    197. ValiantValiant
    198. Wind ×2
    199. ValiantValiant
    200. Con turret
    201. Wind
    202. ValiantValiant
    203. Wind
    204. ValiantValiant
    205. Wind ×3
    206. ValiantValiant ×2
    207. Wind
    208. ValiantValiant
    209. Con turret
    210. Wind ×5
    211. Con turret
    212. Wind ×3
    213. Con turret
    214. ValiantValiant
    215. Wind ×3

Counts are medians over the build's games: half of them build more, half fewer. The example game is Herbiderpi's (33 OS, 09/10/2026); pick another.

Team trades

IN AT LEAST 30% OF ITS GAMES

You hand over

  • Finch2 Finch to Geo sea or Beach seafirst at 1:51 · in 96% of games
  • Hercules3 Light transport to Tech or Geo sea or Beach seafirst at 2:06 · in 99% of games
  • Hephaestus1 Heavy transport to Beach sea or Pond or Techfirst at 2:23 · in 72% of games

You get

  • Wind Turbine3 Wind from Beach sea or Geo seafirst at 1:37 · in 64% of games
  • Wind Turbine3 Wind from Beach sea or Geo sea or Pondfirst at 1:42 · in 46% of games
  • Construction Bot1 Con bot from Techfirst at 2:23 · in 88% of games
  • Advanced Construction Bot1 T2 con bot from Techfirst at 6:05 · in 96% of games

How it plays out

Typical game of this build, running totals by minute

Metal produced

010k20k30k
0:005:0010:0015:00

metal

Enemy metal destroyed

01k2k
0:005:0010:0015:00

metal

Own metal lost

01k2k3k
0:005:0010:0015:00

metal

1799 games.

Show as table
ByMetal produced: This buildEnemy metal destroyed: This buildOwn metal lost: This build
1:0039200
2:0092300
3:00145600
4:002052051
5:0027635173
6:003705102124
7:005088146167
8:006898190219
9:009278232270
10:0011753292384
11:0014351373538
12:0017061513781
13:00198507811102
14:002270012641689
15:002570818042405
WHAT THE NUMBERS SAY

Standard air play wins less than half its games, with very low combat losses and kills since the role mostly supports rather than fights.

  • + Own metal lost stays very low, only 2701 by 15:00.
  • + Metal production reaches 25740 by 15:00, a strong support economy.
  • − Team wins under half of games (47%).
  • − Enemy metal destroyed stays low at 2097 by 15:00, showing little direct impact.
THE EXAMPLE YOU ARE READING

Herbiderpi

32.5 OS · 09/10/2026

Open source match ↗

5 received units · includes a constructor
150 metal received · 50884 energy received

Allied construction assistance is unknown. Timings are observations, not a promise of solo reproducibility.

Typical milestones

Aircraft Plant1:26Middle 50%: 1:14–1:35 · n=1799
Advanced Metal Extractor6:54Middle 50%: 6:27–7:26 · n=1740
Fusion Reactor10:53Middle 50%: 9:47–12:18 · n=1151

Played most by

TheGeneraI114games of this buildDad_The_Speedrunner72games of this buildHunfore62games of this buildMilkdragon51games of this buildAdeus50games of this build